Map: 暮色之塔

Players

shengy

  • Race: Zerg Zerg
  • League: Platinum

SIC - Winner!

  • Race: Zerg Zerg
  • League: Platinum

VOD

Have the link to the VOD?

Description

Time

  • Played on: Dec. 24, 2015, 10:25 p.m.
  • Length: 11:03
Show
View Real Time Build Order
Export as new Build Order

shengy Zerg 

Build Orders: Pool First, Zergling Baneling 

Get SALT Encoding   

  12  0:02  Drone  
  13  0:08  Drone  
  14  0:19  Overlord  
  14  0:37  Drone x3  
  17  0:43  Extractor  
  17  0:47  Spawning Pool  
  15  0:50  Drone  
  16  0:59  Drone  
  17  1:20  Hatchery  
  17  1:24  Drone  
  17  1:34  Zergling x4  
  19  1:43  Queen  
  21  1:52  Metabolic Boost  
  21  2:01  Overlord  
  21  2:08  Drone  
  22  2:20  Queen  
  24  2:24  Drone x2  
  24  2:28  Overlord  
  27  2:51  Zergling x10  
  27  2:57  Baneling Nest  
  30  3:03  Drone  
  30  3:04  Zergling x6  
  34  3:18  Zergling x4  
  36  3:26  Spine Crawler  
  35  3:29  Zergling x2  
  35  3:30  Zergling x6  
  35  3:51  Baneling x6  
  35  3:53  Zergling x2  
  35  3:54  Zergling x6  
  39  3:56  Zergling x2  
  40  4:05  Overlord  
  40  4:06  Zergling x2  
  31  4:34  Zergling x16  
  35  4:41  Drone x2  
  35  4:44  Drone  
  38  4:48  Baneling  
  38  4:49  Baneling x2  
  38  4:50  Baneling  
  38  4:51  Baneling  
  38  4:52  Baneling  
  38  5:00  Drone, Zergling x2  
  38  5:14  Baneling  
  38  5:15  Baneling  
  32  5:27  Zergling x8  
  32  5:28  Zergling x10  
  38  5:37  Zergling x2  
  38  5:38  Zergling x4  
  40  5:54  Roach Warren  
  40  5:56  Extractor, Drone x4  
  42  5:59  Drone  
  42  6:02  Baneling x2  
  42  6:03  Baneling  
  43  6:05  Baneling  
  43  6:11  Drone x2  
  43  6:12  Drone  
  37  6:43  Zergling x16  
  37  6:44  Zergling x2  
  44  6:48  Drone  
  44  6:52  Lair  
  44  6:57  Baneling x2  
  44  7:17  Drone  
  44  7:18  Drone x5  
  44  7:21  Extractor  
  49  7:29  Baneling x3  
  48  7:30  Baneling x3  
  48  7:35  Overlord  
  47  7:57  Zergling x4  
  47  7:58  Zergling x20  
  53  8:21  Baneling x4  
  53  8:32  Extractor  
  53  8:34  Spire  
  51  8:36  Baneling x2  
  51  8:37  Baneling x3  
  43  9:08  Zergling x8  
  43  9:09  Zergling x20  
  52  9:21  Spore Crawler  
  52  9:22  Spore Crawler  
  49  9:24  Spore Crawler  
  49  9:26  Spore Crawler x2  
  49  9:28  Spore Crawler  
  45  9:47  Baneling  
  45  9:48  Baneling x2, Mutalisk  
  45  9:49  Baneling, Mutalisk x4  
  55  10:00  Mutalisk  
  55  10:05  Drone x3  
  55  10:06  Overlord x3  
  58  10:17  Baneling x3  
  58  10:18  Baneling x2  
  58  10:21  Mutalisk  
  59  10:38  Baneling x2  
Show
View Real Time Build Order
Export as new Build Order

SIC Zerg - Winner!

Build Orders: Pool First, Zergling Baneling 

Get SALT Encoding   

  12  0:01  Drone  
  13  0:12  Overlord  
  13  0:18  Drone  
  14  0:30  Drone x2  
  16  0:36  Drone  
  16  0:40  Extractor  
  16  0:45  Drone  
  17  0:57  Spawning Pool  
  17  0:58  Drone  
  17  1:06  Drone  
  18  1:16  Overlord  
  18  1:29  Drone  
  19  1:41  Hatchery  
  18  1:50  Drone x2  
  18  1:53  Metabolic Boost  
  20  1:58  Queen  
  22  2:04  Zergling x2  
  23  2:10  Drone  
  24  2:17  Baneling Nest  
  23  2:24  Zergling x2  
  24  2:32  Zergling x2  
  24  2:36  Queen  
  27  2:43  Overlord  
  27  2:57  Drone x2  
  29  3:05  Zergling x4  
  31  3:07  Overlord  
  31  3:10  Zergling x4  
  33  3:20  Drone x2  
  33  3:25  Queen  
  36  3:42  Zergling x10  
  36  3:43  Zergling x2  
  36  3:45  Baneling x3  
  36  3:46  Baneling  
  41  3:52  Zergling x4  
  43  3:59  Overlord  
  43  4:10  Evolution Chamber  
  33  4:38  Zergling x2  
  33  4:39  Zergling x20  
  33  4:42  Baneling x3  
  33  4:44  Lair  
  43  4:51  Drone x2  
  45  4:59  Baneling x2  
  45  5:00  Baneling  
  45  5:10  Drone  
  45  5:11  Drone x3  
  45  5:15  Zerg Melee Weapons Level 1  
  37  5:33  Zergling x4  
  37  5:34  Zergling x6  
  40  5:36  Zergling x2  
  40  5:37  Zergling x4  
  43  5:53  Drone  
  43  5:54  Extractor, Drone x3  
  43  5:57  Baneling x3  
  46  5:58  Baneling x2  
  46  6:05  Drone x6  
  45  6:44  Drone  
  45  6:45  Drone x5  
  51  6:55  Overlord  
  51  6:56  Overlord x2  
  51  6:59  Spire  
  51  7:00  Drone  
  51  7:03  Extractor  
  51  7:04  Extractor  
  48  7:10  Zergling x4  
  48  7:11  Zergling x2  
  48  7:24  Zergling x8  
  48  7:26  Zerg Melee Weapons Level 2  
  52  7:55  Drone x2, Zergling x2  
  52  7:56  Zergling x6  
  52  7:57  Baneling  
  57  8:12  Zergling x10  
  55  8:21  Zergling x4  
  55  8:25  Overseer  
  57  8:28  Baneling x2  
  57  8:29  Zergling x2  
  48  9:04  Zergling x10  
  48  9:06  Zergling x10  
  52  9:22  Queen  
  54  9:28  Mutalisk x5  
  64  9:32  Baneling x2  
  64  9:33  Baneling x2  
  64  9:57  Zergling x4  
  64  9:58  Mutalisk x3, Zergling x4  
  74  10:06  Baneling x2  
  70  10:15  Mutalisk x2  
Tags
 
Add a new tag
Caveats
  • Supply blocks, unpowered buildings, or Contaminate may cause inaccurate times.
  • Supply counts are checked every 10 seconds.